 Dungeon Crawl Stone Soup version 0.30-a0-368-g86fb4627a9 (webtiles) character file.

Game seed: 13030627080223448806

121 Anamonty the Vexing (level 5, -6/41 HPs)
             Began as a Barachi Hexslinger on Nov 19, 2022.
             Killed from afar by Natasha (13 damage)
             ... with a bolt of dispelling energy
             ... on level 3 of the Dungeon.
             The game lasted 00:04:11 (2204 turns).

Anamonty the Vexing (Barachi Hexslinger)            Turns: 2204, Time: 00:04:11

Health: -6/41      AC:  7    Str: 11    XL:     5   Next: 5%
Magic:  7/7        EV: 12    Int: 13    God:
Gold:   115        SH:  0    Dex: 15    Spells: 6/7 levels left

rFire   . . .      SeeInvis +    a - +1 sling
rCold   . . .      Faith    .    (no shield)
rNeg    . . .      Spirit   .    n - +2 leather armour
rPois   .          Reflect  .    o - +0 helmet
rElec   .          Harm     .    (no cloak)
rCorr   .          Rampage  .    (no gloves)
Will    .....                    y - +0 pair of boots
Stlth   +.........               (no amulet)
HPRegen 0.26/turn                p - ring of flight
MPRegen 0.10/turn                z - ring of see invisible

@: unable to hop, flying, slow
A: amphibious, slowness 1, strong legs 1, +LOS
a: Hop


You were on level 3 of the Dungeon.
You visited 1 branch of the dungeon, and saw 3 of its levels.

You collected 186 gold pieces.
You spent 71 gold pieces at shops.

Inventory:

Hand Weapons
 a - a +1 sling (weapon)
 d - a +0 spear
Missiles
 k - a throwing net
Armour
 c - a +0 robe
 n - a +2 leather armour (worn)
 o - a +0 helmet (worn)
 y - a +0 pair of boots (worn)
Jewellery
 f - a ring of fire
 p - a ring of flight (left hand)
 z - a ring of see invisible (right hand)
Scrolls
 b - a scroll of poison
 e - a scroll of enchant armour
 i - 2 scrolls of teleportation {unknown}
 j - a scroll of magic mapping {unknown}
 l - 2 scrolls of immolation {unknown}
 m - 2 scrolls of identify {unknown}
 r - 2 scrolls of blinking {unknown}
 u - a scroll of summoning {unknown}
 v - a scroll of noise {unknown}
Potions
 g - a potion of invisibility {unknown}
 h - 2 potions of curing {unknown}
 q - a potion of degeneration {unknown}
 s - a potion of attraction {unknown}
 t - a potion of cancellation {unknown}
 w - a potion of heal wounds {unknown}
 x - 2 potions of berserk rage {unknown}


   Skills:
 * Level 3.2 Fighting
 * Level 3.1 Ranged Weapons
 + Level 2.9 Dodging
 + Level 1.9 Spellcasting
 + Level 3.7 Hexes


You had 6 spell levels left.
You knew the following spells:

 Your Spells              Type           Power      Damage    Failure   Level
a - Slow                  Hex            40%        N/A       8%          1

Your spell library contained the following spells:

 Spells                   Type           Power      Damage    Failure   Level
 Inner Flame              Hex/Fire       6%         N/A       43%         3
 Portal Projectile        Hex/Tloc       12%        N/A       43%         3
 Cause Fear               Hex            5%         N/A       58%         4
 Hailstorm                Conj/Ice       1%         3d3       71%         3
 Kindle Blastsparks       Fire/Tloc/Air  2%         2d10      71%         3
 Fulminant Prism          Conj/Hex       3%         3d5       83%         4
 Ice Form                 Ice/Tmut       1%         N/A       98%         4
 Iskenderun's Mystic Bla  Conj/Tloc      1%         2d3       98%         4
 Lee's Rapid Deconstruct  Erth           0%         3d4*      100%        5
 Simulacrum               Ice/Necr       0%         N/A       100%        6


Dungeon Overview and Level Annotations

Branches:
Dungeon (3/15)

Altars:
Kikubaaqudgha

Shops:
D:2 [

Annotations:
D:3 Natasha


Innate Abilities, Weirdness & Mutations

You are amphibious.
You cover ground slowly.
You can hop short distances.
You have an extended range of vision and can be seen from far away.


Message History

The crimson imp disappears in a puff of smoke!
You have reached level 5!
a - a +1 sling (weapon)
There is a stone staircase leading up here.
Natasha, Servant of Life and Death comes into view.
She is carrying a wand of quicksilver (9).
You shoot a sling bullet.
Natasha hisses angrily.
The sling bullet hits Natasha.
Natasha is lightly wounded.
Natasha casts a spell at you. The magic dart hits you.
You shoot a sling bullet.
The sling bullet closely misses Natasha.
Natasha zaps a wand.
The bolt of dispelling energy hits you!
You shoot a sling bullet. The sling bullet hits Natasha.
Natasha is moderately wounded.
You shoot a sling bullet.
The sling bullet closely misses Natasha.
Hop to where?
Press: ? - help, Dir - move target, p - Natasha Boing!
You shoot a sling bullet. The sling bullet hits Natasha.
Natasha is heavily wounded.
Natasha howls an incantation.
You feel disoriented.
Natasha stares at you and mumbles some strange words.
The magic dart hits you!
You shoot a sling bullet.
The sling bullet closely misses Natasha.
Natasha zaps a wand.
The bolt of dispelling energy hits you!!
* * * LOW HITPOINT WARNING * * *
You are too injured to fight recklessly!
Fire: a) +1 sling
Press: ? - help, Q - select action, (/) - cycle Shift-Dir - straight line, f/p - Natasha
Aim: Natasha, carrying a wand of quicksilver (7) (heavily wounded, 51% to hit)
You shoot a sling bullet. The sling bullet hits Natasha.
Natasha is severely wounded.
Natasha zaps a wand.
The bolt of dispelling energy hits you!
You die...

#...[...##.#...#
#######
###..........#...#
.##.......####..h#
.#####.#### #.°.#
###### .# #.#
#...# #..... .#
#.# ##...# #.####
.#####.# #....###
#.#... .......#
#......### #.#.##
.#######
#...@....# #.#.##
## #........#
#.#... #.#.#....#
#.#.#. #.#.#....#
#####.#.#. ######
#.#.#....#
#...#.#.#. ###
#....###.#.######
#.#.#.###. ..#
#....#.....#
#.#.#.###. #[#
#....#.#.###
#.#.#)..#. #.#
##.......#
#######.#.###.#.


You could see Natasha.

Vanquished Creatures
  Natasha (D:3)
  4 adders
  A dart slug (D:1)
  7 ball pythons
  5 bats
  9 endoplasms
  2 giant cockroaches
  3 goblins
  6 hobgoblins
  2 jackals (D:2)
  A quokka (D:3)
  7 frilled lizards
  4 kobolds
  6 rats
58 creatures vanquished.

Notes
Turn   | Place    | Note
-------+----------+-------------------------------------------
     0 | D:1      | Anamonty the Barachi Hexslinger began the quest for the
                  | Orb.
     0 | D:1      | Reached XP level 1. HP: 15/15 MP: 2/2
    56 | D:1      | Reached XP level 2. HP: 14/21 MP: 3/3
   777 | D:1      | Reached XP level 3. HP: 27/27 MP: 5/5
   993 | D:2      | Found an ancient bone altar of Kikubaaqudgha.
  1112 | D:2      | Found Tostek's Armour Shoppe.
  1127 | D:2      | Bought a +0 leather armour for 22 gold pieces
  1127 | D:2      | Bought a +0 helmet for 49 gold pieces
  1186 | D:2      | Found a faded altar of an unknown god.
  1198 | D:2      | Reached XP level 4. HP: 34/34 MP: 6/6
  1976 | D:3      | Noticed Natasha
  1985 | D:3      | Killed Natasha
  1986 | D:3      | Reached XP level 5. HP: 23/41 MP: 7/7
  2196 | D:3      | Noticed Natasha
  2204 | D:3      | Killed from afar by Natasha

Illustrated notes

Levels and vault maps discovered:
D:1:      lemuel_arrival_tunnels, layout_basic
D:2:      layout_rooms, basic_altar, shapermc_ecumenical_altar_mp_ritualfount,
          serial_shops, shop, nicolae_titane
D:3:      layout_basic, minmay_fractal_squares_diagonal_5, uniq_natasha

Skill      XL: |  1  2  3  4 |
---------------+-------------+-----
Fighting       | 2 3 |  3.2
Ranged Weapons | 3 |  3.1
Dodging        | |  2.9
Spellcasting   | |  1.9
Hexes          | |  3.7

Action                   |  1- 3 |  4- 6 || total
-------------------------+-------+-------++-------
Melee: Spear             |     8 |     9 ||    17
 Fire: Sling             |   109 |    63 ||   172
 Cast: Slow              |     4 |       ||     4
 Abil: Hop               |       |     1 ||     1
  Use: Scroll            |       |     2 ||     2
Armor: Robe              |    10 |       ||    10
       Leather armour    |     3 |    16 ||    19
Dodge: Dodged            |    23 |    20 ||    43

Table legend: (Time is in decaauts)
 A = Elapsed time spent in this place.
 B = Non-inter-level travel time spent in this place.
 C = Inter-level travel time spent in this place.
 D = Time resting spent in this place.
 E = Time spent auto-exploring this place.
 F = Levels seen in this place.
 G = Mean time per level.
                   A        B        C        D        E       F      G
               +--------+--------+--------+--------+--------+-----+--------+
         Total |   2577 |   2558 |     19 |      0 |   2065 |   3 |  859.0 |
       Dungeon |   2577 |   2558 |     19 |      0 |   2065 |   3 |  859.0 |
               +--------+--------+--------+--------+--------+-----+--------+

Top non-repeatable levels by time:
     D:1: 1070 daAuts
     D:3: 910 daAuts
     D:2: 595 daAuts
